 Dungeon Crawl Stone Soup version 0.31.0-12-g77e489cdc1 (webtiles) character file.

Game seed: 6145582958582912203

534 Goblin1989 the Shield-Bearer (level 7, 0/60 HPs)
             Began as a Gnoll Fighter on Feb 18, 2024.
             Was an Initiate of Gozag.
             Slain by a bombardier beetle (5 damage)
             ... on level 6 of the Dungeon.
             The game lasted 00:07:12 (3882 turns).

Goblin1989 the Shield-Bearer (Gnoll Fighter)        Turns: 3882, Time: 00:07:13

Health: 0/60       AC:  0    Str: 17    XL:     7   Next: 25%
Magic:  10/10      EV: 10    Int:  8    God:    Gozag
Gold:   1305       SH:  5    Dex: 11    Spells: 10/10 levels left

rFire   . . .        a - +0 flail
rCold   . . .        c - +0 buckler
rNeg    . . .        b - +0 scale mail
rPois   .            (no helmet)
rElec   .            (no cloak)
rCorr   .            (no gloves)
SInv    .            (no boots)
Will    .....        (no amulet)
Stlth   +            (no ring)
HPRegen 0.30/turn    (no ring)
MPRegen 0.12/turn

%: no passive effects
@: on fire, corroded, gold aura, attractive, hasted, glowing, very quick
A: fangs 1, strong nose, distributed training
a: Renounce Religion, Potion Petition, Call Merchant, Bribe Branch


You were on level 6 of the Dungeon.
You worshipped Gozag.
Gozag was most pleased with you.
You visited 2 branches of the dungeon, and saw 7 of its levels.

You collected 1374 gold pieces.
You paid 69 gold pieces to Gozag.

Inventory:

Hand Weapons
 a - a +0 flail (weapon)
Missiles
 l - 3 curare-tipped darts (quivered)
 r - 2 javelins {@Q3}
 w - 15 poisoned darts
Armour
 b - a +0 scale mail (worn)
 c - a +0 buckler (worn)
Jewellery
 h - a +6 ring of intelligence
 y - an amulet of magic regeneration
 A - an amulet of regeneration
Wands
 v - a wand of paralysis (11) {@v2}
 B - a wand of flame (21) {@v1}
 C - a wand of roots (10)
Scrolls
 e - 4 scrolls of identify {@r1}
 g - 2 scrolls of teleportation {!r, @r2}
 k - a scroll of blinking
Potions
 d - 2 potions of might {@q4}
 f - a potion of resistance {@q5}
 i - a potion of attraction
 n - 2 potions of heal wounds {unknown}
 o - 2 potions of curing {@q1}
 s - a potion of brilliance {unknown}
 t - a potion of enlightenment {unknown}
 u - a potion of magic
 z - a potion of invisibility {unknown}


   Skills:
 + Level 7.0 Fighting
 + Level 2.4 Short Blades
 + Level 2.4 Long Blades
 + Level 2.4 Axes
 + Level 5.2 Maces & Flails
 + Level 2.4 Polearms
 + Level 2.4 Staves
 + Level 2.4 Ranged Weapons
 + Level 2.4 Throwing
 + Level 7.0 Armour
 + Level 2.4 Dodging
 + Level 2.4 Stealth
 + Level 7.0 Shields
 + Level 2.4 Unarmed Combat
 + Level 2.4 Spellcasting
 + Level 2.0 Conjurations
 + Level 2.0 Hexes
 + Level 2.0 Summonings
 + Level 2.0 Necromancy
 + Level 2.0 Translocations
 + Level 2.0 Fire Magic
 + Level 2.0 Ice Magic
 + Level 2.0 Air Magic
 + Level 2.0 Earth Magic
 + Level 2.0 Alchemy
 + Level 2.7 Invocations
 + Level 2.4 Evocations
 + Level 2.2 Shapeshifting


You had 10 spell levels left.
You didn't know any spells.
Your spell library contained the following spells:

 Spells                   Type           Power      Damage    Failure   Level
 Ensorcelled Hibernation  Hex/Ice        8%         N/A       63%         2
 Mercury Vapours          Alch/Air       8%         N/A       63%         2
 Dazzling Flash           Conj/Hex       8%         N/A       86%         3
 Fugue of the Fallen      Necr           4%         N/A       86%         3
 Inner Flame              Hex/Fire       4%         N/A       86%         3
 Mephitic Cloud           Conj/Alch/Air  4%         N/A       86%         3
 Volatile Blastmotes      Fire/Tloc      8%         2d10      86%         3
 Anguish                  Hex/Necr       2%         N/A       99%         4
 Flame Wave               Conj/Fire      4%         2d5       99%         4
 Sticky Flame             Fire/Alch      4%         2d4       99%         4
 Freezing Cloud           Conj/Ice/Air   2%         6-21      100%        5
 Starburst                Conj/Fire      2%         6d3       100%        6
 Maxwell's Capacitive Co  Air            2%         ∞         100%        8


Dungeon Overview and Level Annotations

Branches:
Dungeon (6/15) Zot: 26907  Temple (1/1) D:4 Zot: 5965

Altars:
Ashenzari
Cheibriados
Dithmenos
Elyvilon
Fedhas
Gozag
Hepliaklqana
Kikubaaqudgha
Makhleb
Nemelex Xobeh
Qazlal
Ru
Sif Muna
Trog
Uskayaw
Vehumet
Wu Jian
Xom
Yredelemnul

Shops:
D:2 (   D:3 [


Innate Abilities, Weirdness & Mutations

You have very sharp teeth.
Your uncanny sense of smell can sniff out nearby items.
Your experience applies equally to all skills.


Message History

As you read the scroll labelled AMAETAH KUGUXT, it crumbles to dust.
You feel strangely unstable.
It was a scroll of teleportation.
Blink to where?
Press: ? - help, Dir - move target, f - you Blink to where?
Press: ? - help, Dir - move target A jelly comes into view.
Found a lumpy sapphire potion and a scroll of identify.
As you read the scroll labelled VOUWNE WAFRIET, it crumbles to dust.
It was a scroll of blinking.
You barely miss the jelly.
Your surroundings suddenly seem different.
As you read the scroll labelled YNLUONLOUG, it crumbles to dust.
You hear a loud clanging noise!
It was a scroll of noise.
You hear an angry hiss.
As you read the scroll labelled YKKUS CEYCW, it crumbles to dust.
It is a scroll of amnesia.
You feel forgetful for a moment.
As you read the scroll labelled UZEISHR INTO, it crumbles to dust.
The air around you briefly surges with heat, but it dissipates.
It was a scroll of immolation.
This is a scroll of acquirement!
Something appears at your feet!
Unknown command.
You now have enough gold to petition Gozag for potion effects.
You now have enough gold to fund merchants seeking to open stores in the dungeon.
You now have 1268 gold pieces (gained 1001).
e - 4 scrolls of identify {@r1} (gained 1)
You hear the slow rusting of a distant drain.
The jelly quivers.
You see here a lumpy sapphire potion.
u - 2 lumpy sapphire potions (gained 1)
You see here 13 gold pieces.
You now have 1281 gold pieces (gained 13).
Found an escape hatch in the floor.
Found 15 gold pieces.
Found 9 gold pieces.
Found an escape hatch in the ceiling.
You see here 15 gold pieces.
You now have 1296 gold pieces (gained 15).
You see here 9 gold pieces.
You now have 1305 gold pieces (gained 9).
Found a stone staircase leading up.
A bombardier beetle comes into view.
The jelly hits you.
You are splashed with acid!
There is an escape hatch in the ceiling here.
You take 11 damage, and have 49/60 hp.
You hit the jelly.
Your hands burn!
The jelly is lightly wounded.
The jelly hits you but does no damage.
You take 3 damage, and have 46/60 hp.
You hit the jelly. The acid corrodes you!
Your hands burn!
The jelly is heavily wounded.
The jelly hits you but does no damage.
You hit the jelly.
Your hands burn!
The jelly is heavily wounded.
The jelly barely misses you.
You take 1 damage, and have 45/60 hp.
You hit the jelly but do no damage.
Your hands burn!
You bite the jelly.
The jelly is heavily wounded.
The jelly barely misses you.
The bombardier beetle sprays incendiary fluid at you.
The burning spray hits you.
You are covered in liquid fire!
You take 2 damage, and have 43/60 hp.
You hit the jelly but do no damage.
Your hands burn!
The jelly is heavily wounded.
The liquid fire burns you! The jelly hits you.
You are splashed with acid!
The jelly hits you.
* * * LOW HITPOINT WARNING * * *
The acid corrodes you!
You are splashed with acid.
* * * LOW HITPOINT WARNING * * *
You take 24 damage, and have 19/60 hp.
MASSIVE DAMAGE!!
You sock the jelly!
You kill the jelly!
The liquid fire burns you!
* * * LOW HITPOINT WARNING * * *
You take 6 damage, and have 13/60 hp.
It was a potion of attraction.
You feel attractive to monsters. The liquid fire burns you!
* * * LOW HITPOINT WARNING * * *
The bombardier beetle is attracted toward you.
You take 3 damage, and have 10/60 hp.
It was a potion of haste.
You feel yourself speed up. The liquid fire burns you!
* * * LOW HITPOINT WARNING * * *
The bombardier beetle bites you.
* * * LOW HITPOINT WARNING * * *
You take 8 damage, and have 2/60 hp.
It was a potion of curing.
You feel better. The liquid fire burns you!
* * * LOW HITPOINT WARNING * * *
You regained 4 hp, and now have 6/60 hp.
It was a potion of magic.
Magic courses through your body. The liquid fire burns you!
* * * LOW HITPOINT WARNING * * *
The bombardier beetle bites you.
You die...
Your body crumbles into a pile of gold.

██ ∆ ███████▲███.█
█.......@.█.█ █<.
█.......$B█.█.....
█████████....>.........█
..................█.......
..................█.█..██.
.........█.....████.█ ....
.........█........... .██
.........█.....████.█ ..
.........█.....█ .. .


You could see a bombardier beetle.

Vanquished Creatures
  An ogre (D:5)
  A centaur (D:5)
  A bullfrog (D:4)
  A hound (D:4)
  2 jellies
  Jessica (D:2)
  An orc wizard (D:4)
  3 gnolls
  5 adders
  A white imp (D:5)
  A dart slug (D:4)
  2 ribbon worms (D:2)
  4 orcs (D:4)
  7 ball pythons
  6 bats
  7 endoplasms
  5 giant cockroaches
  8 goblins
  2 hobgoblins (D:1)
  5 jackals
  6 kobolds
  5 quokkas
  3 frilled lizards
  8 rats
86 creatures vanquished.

Notes
Turn   | Place    | Note
-------+----------+-------------------------------------------
     0 | D:1      | Goblin1989 the Gnoll Fighter began the quest for the Orb.
     0 | D:1      | Reached XP level 1. HP: 23/23 MP: 1/1
    43 | D:1      | You fall into a shaft and drop 1 floor!
    79 | D:2      | Found a faded altar of an unknown god.
   134 | D:1      | Reached XP level 2. HP: 29/29 MP: 2/2
   405 | D:1      | Reached XP level 3. HP: 32/35 MP: 3/3
   862 | D:1      | Reached skill level 1 in Invocations
  1157 | D:2      | Found Jeecafot's Weapon Shop.
  1157 | D:2      | Noticed a +0 triple sword
  1158 | D:2      | Noticed a +0 demon blade
  1451 | D:2      | Reached skill level 1 in Short Blades
  1451 | D:2      | Reached skill level 1 in Long Blades
  1451 | D:2      | Reached skill level 1 in Axes
  1451 | D:2      | Reached skill level 1 in Polearms
  1451 | D:2      | Reached skill level 1 in Staves
  1451 | D:2      | Reached skill level 1 in Ranged Weapons
  1451 | D:2      | Reached skill level 1 in Throwing
  1451 | D:2      | Reached skill level 1 in Dodging
  1451 | D:2      | Reached skill level 1 in Stealth
  1451 | D:2      | Reached skill level 1 in Unarmed Combat
  1451 | D:2      | Reached skill level 1 in Spellcasting
  1451 | D:2      | Reached skill level 1 in Evocations
  1484 | D:2      | Noticed Jessica
  1491 | D:2      | Killed Jessica
  1492 | D:2      | Reached skill level 1 in Shapeshifting
  1492 | D:2      | Reached XP level 4. HP: 40/41 MP: 5/5
  1824 | D:3      | Reached skill level 1 in Conjurations
  1824 | D:3      | Reached skill level 1 in Hexes
  1824 | D:3      | Reached skill level 1 in Summonings
  1824 | D:3      | Reached skill level 1 in Necromancy
  1824 | D:3      | Reached skill level 1 in Translocations
  1824 | D:3      | Reached skill level 1 in Fire Magic
  1824 | D:3      | Reached skill level 1 in Ice Magic
  1824 | D:3      | Reached skill level 1 in Air Magic
  1824 | D:3      | Reached skill level 1 in Earth Magic
  1824 | D:3      | Reached skill level 1 in Alchemy
  2041 | D:3      | Reached XP level 5. HP: 22/47 MP: 5/7
  2302 | D:3      | Found Tiucvoh's Armour Shoppe.
  2741 | D:4      | Found a staircase to the Ecumenical Temple.
  2785 | D:4      | Reached XP level 6. HP: 50/53 MP: 8/8
  3092 | D:4      | Reached skill level 5 in Maces & Flails
  3101 | Temple   | Entered the Ecumenical Temple
  3118 | Temple   | Became a worshipper of Gozag Ym Sagoz the Greedy
  3351 | D:5      | Entered Level 5 of the Dungeon
  3512 | D:5      | Reached XP level 7. HP: 50/60 MP: 10/10
  3799 | D:6      | Identified a scroll of acquirement
  3799 | D:6      | Acquired 1001 gold pieces
  3880 | D:6      | HP: 2/60 [bombardier beetle (5)]
  3882 | D:6      | Slain by a bombardier beetle

Illustrated notes

Levels and vault maps discovered:
D:1:      heliophobic_arrival_henge, layout_basic, serial_glass,
          glass_columns_a, glass_columns_a, serial_bayou_lagoon_b
D:2:      layout_basic, serial_shops, nicolae_shop_mannequins,
          hellmonk_ecumenical_altar_zigzags, kennysheep_small_spiral,
          minmay_tetromino_i2, uniq_jessica
D:3:      layout_rooms, serial_bayou, serial_bayou_lagoon_a,
          serial_bayou_shore_a, serial_bayou_pond_e, serial_bayou_ford_a,
          serial_shops, shop_fountains
D:4:      layout_cave_pools, minmay_temple_entry_mini_moons
D:5:      layout_basic, nrook_pool_corridor
D:6:      layout_basic, nicolae_tso_carved_into_rock,
          mainiacjoe_sewer_entry_somewhere_in_here_2, minmay_manual_monstrance
Temple:   nicolae_temple_bog_church

Skill      XL: |  1  2  3  4  5  6 |
---------------+-------------------+-----
Invocations    | 1 2 |  2.7
Short Blades   | 1 2 |  2.4
Long Blades    | 1 2 |  2.4
Axes           | 1 2 |  2.4
Polearms       | 1 2 |  2.4
Staves         | 1 2 |  2.4
Ranged Weapons | 1 2 |  2.4
Throwing       | 1 2 |  2.4
Dodging        | 1 2 |  2.4
Stealth        | 1 2 |  2.4
Unarmed Combat | 1 2 |  2.4
Spellcasting   | 1 2 |  2.4
Evocations     | 1 2 |  2.4
Shapeshifting  | 1 2 |  2.2
Conjurations   | 1 2 |  2.0
Hexes          | 1 2 |  2.0
Summonings     | 1 2 |  2.0
Necromancy     | 1 2 |  2.0
Translocations | 1 2 |  2.0
Fire Magic     | 1 2 |  2.0
Ice Magic      | 1 2 |  2.0
Air Magic      | 1 2 |  2.0
Earth Magic    | 1 2 |  2.0
Alchemy        | 1 2 |  2.0
Maces & Flails | 5 |  5.2
Fighting       | 7 |  7.0
Armour         | 7 |  7.0
Shields        | 7 |  7.0

Action                     |  1- 3 |  4- 6 |  7- 9 || total
---------------------------+-------+-------+-------++-------
  Melee: Flail             |   131 |   188 |    14 ||   333
         Bite              |     6 |    22 |     1 ||    29
    Use: Scroll            |       |       |     7 ||     7
         Potion            |       |       |     4 ||     4
 Armour: Scale mail        |    80 |   145 |    11 ||   236
  Dodge: Dodged            |    61 |   112 |     6 ||   179
  Block: Buckler           |    36 |    67 |     2 ||   105
